[ AOE2 MATCH · #463189657 ]
Team RMHindustanis vs Japanese
[ REPLAY ANALYSIS · EXTRACTED FROM THE RECORDED GAME ]
Feudal
11:39
Castle
23:26
Imperial
42:24
| APM avg | 20.1 |
| APM peak | 52 |
| eAPM avg | 12.8 |
| Villagers / military | 99 / 246 |
Focus
⚔️ 46.9% · 🌾 53.1%
Camel Scout ×126 · Hand Cannoneer ×53 · Ghulam ×42 · Armored Elephant ×13 · Trade Cart ×10 · Bombard Cannon ×9
Feudal
11:19
Castle
20:23
Imperial
43:08
| APM avg | 12.2 |
| APM peak | 57 |
| eAPM avg | 8.1 |
| Villagers / military | 99 / 172 |
Focus
⚔️ 32.3% · 🌾 67.7%
Skirmisher ×137 · Conquistador ×32 · Mangonel ×3
Feudal
13:11
Castle
17:04
Imperial
32:00
| APM avg | 19.4 |
| APM peak | 72 |
| eAPM avg | 9.7 |
| Villagers / military | 106 / 325 |
Focus
⚔️ 37.5% · 🌾 62.5%
Archer ×170 · Knight ×100 · War Elephant ×29 · Camel Scout ×20 · Trade Cart ×5 · Trebuchet (Packed) ×5
Feudal
9:28
Castle
18:48
Imperial
34:44
| APM avg | 39.5 |
| APM peak | 137 |
| eAPM avg | 25.9 |
| Villagers / military | 112 / 498 |
Focus
⚔️ 40.3% · 🌾 59.7%
Spearman ×189 · Skirmisher ×165 · Knight ×107 · Scout Cavalry ×33 · Trebuchet (Packed) ×4 · Trade Cart ×1
Feudal
12:20
Castle
20:18
Imperial
31:54
| APM avg | 20.8 |
| APM peak | 96 |
| eAPM avg | 12.0 |
| Villagers / military | 91 / 159 |
Focus
⚔️ 46.7% · 🌾 53.3%
Knight ×85 · Throwing Axeman ×52 · Skirmisher ×18 · Trade Cart ×12 · Trebuchet (Packed) ×2 · Monk ×1
Feudal
12:23
Castle
18:30
Imperial
34:38
| APM avg | 23.6 |
| APM peak | 54 |
| eAPM avg | 12.3 |
| Villagers / military | 107 / 275 |
Focus
⚔️ 32.7% · 🌾 67.3%
Spearman ×109 · Skirmisher ×77 · Knight ×65 · Trebuchet (Packed) ×9 · Battering Ram ×7 · Conquistador ×6
Feudal
11:22
Castle
20:56
Imperial
31:54
| APM avg | 16.2 |
| APM peak | 57 |
| eAPM avg | 12.4 |
| Villagers / military | 88 / 183 |
Focus
⚔️ 39.3% · 🌾 60.7%
Longbowman ×88 · Spearman ×81 · Battering Ram ×10 · Trebuchet (Packed) ×3 · Scout Cavalry ×1
Feudal
11:13
Castle
19:56
Imperial
36:31
| APM avg | 22.4 |
| APM peak | 51 |
| eAPM avg | 14.8 |
| Villagers / military | 132 / 284 |
Focus
⚔️ 41.3% · 🌾 58.7%
Militia ×222 · Spearman ×50 · Trade Cart ×28 · Trebuchet (Packed) ×8 · Monk ×2 · Battering Ram ×2
Match map
Initial resources + every placement click. Lines = walls · curves = elevation contours. ◆ gold · ⬟ stone · ● berries · ✦ relic · ◌ wall gap
Your base· ✓ Closed at 23:26 · 35t walls · 3 gate(s)
Toucan's base· ✓ Closed at 20:23 · 0t walls · 2 gate(s)
Fatih's base· ✓ Closed at 17:04 · 0t walls · 2 gate(s)
outrageousoctopus60337's base· ✓ Closed at 18:48 · 0t walls · 3 gate(s)
audi8698's base· ✓ Closed at 20:18 · 0t walls · 3 gate(s)
FIN DORA's base· ✓ Closed at 18:30 · 0t walls · 2 gate(s)
davven02's base· ✓ Closed at 20:56 · 0t walls · 2 gate(s)
bear11104's base· ✓ Closed at 19:56 · 0t walls · 2 gate(s)
Smoothed initial terrain · ◌ = detected wall gap · hover for details
Inputs per minute
— Badger - - Toucan
Build order — Badger
First 150 of 490 actions detected
| 0:07 | Build | House |
| 0:11 | Create | Villager (Male) |
| 0:12 | Create | Villager (Male) |
| 0:12 | Create | Villager (Male) |
| 0:12 | Create | Villager (Male) |
| 1:37 | Create | Villager (Male) |
| 1:37 | Create | Villager (Male) |
| 1:37 | Create | Villager (Male) |
| 1:58 | Build | House |
| 2:05 | Build | House |
| 2:13 | Create | Villager (Male) |
| 2:13 | Create | Villager (Male) |
| 2:13 | Create | Villager (Male) |
| 2:40 | Create | Villager (Male) |
| 2:41 | Create | Villager (Male) |
| 2:41 | Create | Villager (Male) |
| 3:20 | Build | Lumber Camp |
| 3:28 | Create | Villager (Male) |
| 3:28 | Create | Villager (Male) |
| 3:29 | Create | Villager (Male) |
| 3:29 | Create | Villager (Male) |
| 4:03 | Create | Villager (Male) |
| 4:03 | Create | Villager (Male) |
| 4:04 | Create | Villager (Male) |
| 4:27 | Create | Villager (Male) |
| 4:28 | Create | Villager (Male) |
| 4:28 | Create | Villager (Male) |
| 4:51 | Create | Villager (Male) |
| 4:52 | Create | Villager (Male) |
| 4:52 | Create | Villager (Male) |
| 4:52 | Create | Villager (Male) |
| 5:45 | Build | Mill |
| 6:33 | Create | Villager (Male) |
| 6:34 | Create | Villager (Male) |
| 6:34 | Create | Villager (Male) |
| 6:34 | Create | Villager (Male) |
| 6:35 | Create | Villager (Male) |
| 7:14 | Research | Loom |
| 7:28 | Build | House |
| 7:30 | Build | House |
| 7:33 | Build | House |
| 7:42 | Create | Villager (Male) |
| 7:43 | Create | Villager (Male) |
| 7:45 | Create | Villager (Male) |
| 9:22 | Research | Feudal Age |
| 9:41 | Build | Mining Camp |
| 9:44 | Create | Villager (Male) |
| 11:39 | Age | Feudal Age |
| 11:50 | Research | Double-Bit Axe |
| 11:56 | Research | Wheelbarrow |
| 12:03 | Research | Horse Collar |
| 12:13 | Build | Mining Camp |
| 12:43 | Build | Stone Wall |
| 12:45 | Build | Stone Wall |
| 12:48 | Build | Stone Wall |
| 12:52 | Build | Gate |
| 13:00 | Create | Villager (Male) |
| 13:01 | Create | Villager (Male) |
| 13:53 | Build | Farm |
| 13:55 | Build | Farm |
| 13:57 | Build | Farm |
| 13:59 | Build | Farm |
| 14:02 | Build | Farm |
| 14:04 | Build | Farm |
| 14:08 | Build | Farm |
| 14:13 | Build | Farm |
| 14:21 | Create | Villager (Male) |
| 14:21 | Create | Villager (Male) |
| 14:21 | Create | Villager (Male) |
| 14:22 | Create | Villager (Male) |
| 14:22 | Create | Villager (Male) |
| 14:22 | Create | Villager (Male) |
| 14:22 | Create | Villager (Male) |
| 15:22 | Build | Blacksmith |
| 15:32 | Research | Stone Mining |
| 16:17 | Build | Market |
| 16:23 | Create | Villager (Male) |
| 16:23 | Create | Villager (Male) |
| 16:45 | Build | Farm |
| 16:50 | Create | Villager (Male) |
| 16:51 | Create | Villager (Male) |
| 16:51 | Create | Villager (Male) |
| 16:59 | Build | House |
| 17:02 | Build | House |
| 17:03 | Build | House |
| 17:06 | Build | House |
| 17:08 | Build | House |
| 17:14 | Research | Gold Mining |
| 17:17 | Create | Villager (Male) |
| 17:17 | Create | Villager (Male) |
| 17:17 | Create | Villager (Male) |
| 17:17 | Create | Villager (Male) |
| 17:40 | Build | Mining Camp |
| 18:08 | Build | Farm |
| 18:11 | Build | Farm |
| 18:29 | Create | Trade Cart |
| 18:35 | Build | Mining Camp |
| 18:44 | Build | Farm |
| 19:16 | Build | Farm |
| 19:25 | Build | Farm |
| 19:31 | Create | Villager (Male) |
| 19:31 | Create | Villager (Male) |
| 20:10 | Build | Barracks |
| 20:27 | Build | Farm |
| 20:31 | Build | Farm |
| 20:44 | Build | Farm |
| 20:46 | Research | Castle Age |
| 21:07 | Build | Mining Camp |
| 21:49 | Build | Stable |
| 21:58 | Research | Scale Barding Armor |
| 22:33 | Create | Villager (Male) |
| 22:47 | Research | Bloodlines |
| 22:57 | Build | Stable |
| 23:03 | Build | Stable |
| 23:26 | Age | Castle Age |
| 23:33 | Research | Husbandry |
| 23:37 | Create | Camel Scout |
| 23:39 | Create | Camel Scout |
| 23:58 | Build | Castle |
| 24:07 | Create | Camel Scout |
| 24:09 | Create | Camel Scout |
| 24:10 | Create | Camel Scout |
| 24:12 | Create | Villager (Male) |
| 24:15 | Create | Villager (Male) |
| 24:15 | Create | Villager (Male) |
| 24:24 | Build | Town Center |
| 24:34 | Research | Hand Cart |
| 24:36 | Research | Town Watch |
| 24:55 | Build | Siege Workshop |
| 25:05 | Build | Monastery |
| 25:10 | Create | Villager (Male) |
| 25:11 | Create | Villager (Male) |
| 25:14 | Research | Chain Barding Armor |
| 25:18 | Create | Camel Scout |
| 25:18 | Create | Camel Scout |
| 25:19 | Create | Camel Scout |
| 25:19 | Create | Camel Scout |
| 25:19 | Create | Camel Scout |
| 26:14 | Create | Armored Elephant |
| 26:37 | Create | Villager (Male) |
| 26:38 | Create | Villager (Male) |
| 26:38 | Create | Villager (Male) |
| 26:38 | Create | Villager (Male) |
| 26:45 | Create | Villager (Male) |
| 26:46 | Create | Villager (Male) |
| 26:46 | Create | Villager (Male) |
| 26:46 | Create | Villager (Male) |
| 26:47 | Create | Villager (Male) |
| 27:56 | Build | Castle |
| 28:18 | Research | Stone Shaft Mining |
Build order — Toucan
First 150 of 296 actions detected
| 0:34 | Build | House |
| 0:36 | Build | House |
| 1:27 | Create | Villager (Male) |
| 1:27 | Create | Villager (Male) |
| 1:27 | Create | Villager (Male) |
| 1:28 | Create | Villager (Male) |
| 1:28 | Create | Villager (Male) |
| 2:26 | Create | Villager (Male) |
| 3:19 | Create | Villager (Male) |
| 4:28 | Create | Villager (Male) |
| 4:29 | Create | Villager (Male) |
| 4:29 | Create | Villager (Male) |
| 4:58 | Create | Villager (Male) |
| 5:32 | Build | Mill |
| 5:41 | Create | Villager (Male) |
| 5:41 | Create | Villager (Male) |
| 5:47 | Build | House |
| 5:48 | Build | House |
| 6:23 | Create | Villager (Male) |
| 6:23 | Create | Villager (Male) |
| 7:22 | Create | Villager (Male) |
| 8:00 | Create | Villager (Male) |
| 8:14 | Build | Lumber Camp |
| 8:44 | Create | Villager (Male) |
| 8:45 | Create | Villager (Male) |
| 9:02 | Research | Feudal Age |
| 10:09 | Build | House |
| 10:11 | Build | House |
| 10:13 | Build | House |
| 10:24 | Research | Loom |
| 11:19 | Age | Feudal Age |
| 11:50 | Build | Farm |
| 11:50 | Build | Farm |
| 11:50 | Build | Farm |
| 11:51 | Build | Farm |
| 11:51 | Build | Farm |
| 11:51 | Build | Farm |
| 12:20 | Research | Double-Bit Axe |
| 12:34 | Create | Villager (Male) |
| 12:34 | Create | Villager (Male) |
| 12:35 | Create | Villager (Male) |
| 13:16 | Research | Horse Collar |
| 14:42 | Build | Farm |
| 14:43 | Build | Farm |
| 14:43 | Build | Farm |
| 14:43 | Build | Farm |
| 14:44 | Build | Farm |
| 14:44 | Build | Farm |
| 14:44 | Build | Farm |
| 15:00 | Create | Villager (Male) |
| 15:01 | Create | Villager (Male) |
| 15:01 | Create | Villager (Male) |
| 15:37 | Build | Mining Camp |
| 16:01 | Build | Blacksmith |
| 16:22 | Build | Market |
| 16:27 | Create | Villager (Male) |
| 16:27 | Create | Villager (Male) |
| 16:35 | Research | Gold Mining |
| 17:43 | Research | Castle Age |
| 17:48 | Build | Mining Camp |
| 17:51 | Research | Stone Mining |
| 19:43 | Research | Padded Archer Armor |
| 20:07 | Build | Mining Camp |
| 20:19 | Create | Villager (Male) |
| 20:19 | Create | Villager (Male) |
| 20:23 | Age | Castle Age |
| 20:43 | Research | Leather Archer Armor |
| 20:48 | Build | Barracks |
| 20:54 | Create | Villager (Male) |
| 20:54 | Create | Villager (Male) |
| 20:55 | Create | Villager (Male) |
| 21:07 | Build | Town Center |
| 21:24 | Build | Town Center |
| 21:53 | Create | Villager (Male) |
| 21:54 | Create | Villager (Male) |
| 23:16 | Research | Town Watch |
| 23:49 | Research | Fletching |
| 24:00 | Build | Farm |
| 24:11 | Build | Castle |
| 24:23 | Create | Villager (Male) |
| 24:24 | Create | Villager (Male) |
| 24:24 | Create | Villager (Male) |
| 24:28 | Create | Villager (Male) |
| 24:28 | Create | Villager (Male) |
| 24:29 | Create | Villager (Male) |
| 24:38 | Research | Bodkin Arrow |
| 25:04 | Research | Bow Saw |
| 25:32 | Build | Mill |
| 25:35 | Build | Farm |
| 25:35 | Build | Farm |
| 25:35 | Build | Farm |
| 25:36 | Build | Farm |
| 25:36 | Build | Farm |
| 25:36 | Build | Farm |
| 26:46 | Create | Conquistador |
| 26:47 | Create | Conquistador |
| 26:47 | Create | Conquistador |
| 27:34 | Build | Mill |
| 27:37 | Build | Farm |
| 27:49 | Build | Farm |
| 27:49 | Build | Farm |
| 27:50 | Build | Farm |
| 27:54 | Create | Conquistador |
| 27:54 | Create | Conquistador |
| 28:07 | Build | Farm |
| 28:18 | Create | Villager (Male) |
| 28:32 | Create | Conquistador |
| 28:33 | Create | Conquistador |
| 29:14 | Build | Farm |
| 29:14 | Build | Farm |
| 29:23 | Build | Stable |
| 29:29 | Build | Farm |
| 29:36 | Create | Conquistador |
| 29:36 | Create | Conquistador |
| 29:37 | Create | Conquistador |
| 29:37 | Create | Conquistador |
| 29:51 | Create | Villager (Male) |
| 29:52 | Create | Villager (Male) |
| 29:52 | Create | Villager (Male) |
| 30:15 | Research | Bloodlines |
| 31:02 | Create | Villager (Male) |
| 31:03 | Create | Villager (Male) |
| 31:03 | Create | Villager (Male) |
| 31:03 | Create | Villager (Male) |
| 31:04 | Create | Villager (Male) |
| 31:14 | Create | Villager (Male) |
| 32:06 | Create | Villager (Male) |
| 32:07 | Create | Villager (Male) |
| 32:07 | Create | Villager (Male) |
| 32:07 | Create | Villager (Male) |
| 32:23 | Research | Heavy Plow |
| 33:38 | Build | University |
| 33:43 | Create | Villager (Male) |
| 33:43 | Create | Villager (Male) |
| 33:43 | Create | Villager (Male) |
| 33:44 | Create | Villager (Male) |
| 33:44 | Create | Villager (Male) |
| 33:45 | Create | Villager (Male) |
| 33:45 | Create | Villager (Male) |
| 33:46 | Create | Villager (Male) |
| 33:46 | Create | Villager (Male) |
| 33:47 | Create | Villager (Male) |
| 34:32 | Create | Conquistador |
| 34:32 | Create | Conquistador |
| 34:33 | Create | Conquistador |
| 34:33 | Create | Conquistador |
| 34:43 | Build | Farm |
| 34:43 | Build | Farm |
| 34:43 | Build | Farm |
| 34:44 | Build | Farm |
Build order — Fatih
First 150 of 313 actions detected
| 0:02 | Create | Villager (Male) ×5 |
| 0:04 | Build | House |
| 0:06 | Build | House |
| 1:23 | Create | Villager (Male) |
| 1:23 | Create | Villager (Male) |
| 2:04 | Create | Villager (Male) |
| 2:05 | Create | Villager (Male) |
| 2:40 | Create | Villager (Male) |
| 2:41 | Create | Villager (Male) |
| 3:01 | Build | Lumber Camp |
| 3:24 | Create | Villager (Male) ×2 |
| 3:33 | Create | Villager (Male) ×3 |
| 4:01 | Build | House |
| 4:03 | Build | House |
| 4:04 | Build | House |
| 4:09 | Create | Villager (Male) |
| 4:09 | Create | Villager (Male) |
| 5:45 | Create | Villager (Male) ×5 |
| 7:14 | Build | Mill |
| 8:05 | Build | Mill |
| 8:17 | Create | Villager (Male) ×5 |
| 8:50 | Create | Villager (Male) |
| 8:50 | Create | Villager (Male) |
| 8:58 | Build | Mill |
| 11:07 | Research | Feudal Age |
| 11:12 | Build | Mining Camp |
| 13:11 | Age | Feudal Age |
| 13:14 | Research | Wheelbarrow |
| 13:17 | Research | Horse Collar |
| 13:17 | Research | Double-Bit Axe |
| 13:20 | Build | Market |
| 13:23 | Build | Blacksmith |
| 14:06 | Build | Farm |
| 14:08 | Build | Farm |
| 14:09 | Build | Farm |
| 14:10 | Build | Farm |
| 14:11 | Build | Farm |
| 14:13 | Build | Farm |
| 14:14 | Build | Farm |
| 14:15 | Build | Farm |
| 14:23 | Build | Farm |
| 14:38 | Research | Castle Age |
| 14:54 | Build | House |
| 15:00 | Build | House |
| 15:02 | Build | House |
| 15:03 | Build | House |
| 15:04 | Build | House |
| 17:01 | Create | Villager (Male) ×5 |
| 17:04 | Age | Castle Age |
| 17:09 | Build | Monastery |
| 17:24 | Build | Town Center |
| 17:53 | Create | Villager (Male) ×5 |
| 18:00 | Build | House |
| 18:01 | Build | House |
| 18:08 | Build | House |
| 18:11 | Build | House |
| 18:31 | Build | Town Center |
| 18:35 | Create | Villager (Male) ×5 |
| 18:42 | Create | Monk |
| 19:02 | Create | Villager (Male) |
| 19:15 | Research | Bow Saw |
| 19:17 | Research | Heavy Plow |
| 19:28 | Research | Gold Mining |
| 19:49 | Create | Villager (Male) |
| 19:50 | Create | Villager (Male) |
| 19:59 | Create | Villager (Male) |
| 19:59 | Create | Villager (Male) |
| 20:00 | Create | Villager (Male) |
| 20:29 | Build | Farm |
| 20:31 | Build | Farm |
| 20:32 | Build | Farm |
| 20:34 | Build | Farm |
| 20:35 | Build | Farm |
| 20:37 | Build | Farm |
| 20:39 | Build | Farm |
| 20:41 | Build | Farm |
| 20:43 | Build | Farm |
| 20:54 | Create | Villager (Male) |
| 20:54 | Create | Villager (Male) |
| 20:55 | Create | Villager (Male) |
| 20:55 | Create | Villager (Male) |
| 20:55 | Create | Villager (Male) |
| 20:55 | Create | Villager (Male) |
| 21:08 | Build | Farm |
| 21:08 | Build | Farm |
| 21:09 | Build | Farm |
| 21:09 | Build | Farm |
| 21:10 | Build | Farm |
| 21:10 | Build | Farm |
| 21:10 | Build | Farm |
| 21:10 | Build | Farm |
| 21:20 | Create | Villager (Male) |
| 21:22 | Create | Villager (Male) |
| 21:37 | Create | Villager (Male) |
| 21:42 | Create | Villager (Male) |
| 21:48 | Build | Farm |
| 21:49 | Build | Farm |
| 21:58 | Create | Villager (Male) |
| 21:58 | Create | Villager (Male) |
| 22:04 | Create | Villager (Male) |
| 22:12 | Build | Farm |
| 22:13 | Build | Farm |
| 22:15 | Build | Farm |
| 22:16 | Build | Farm |
| 22:18 | Build | Farm |
| 22:34 | Build | Farm |
| 22:35 | Build | Farm |
| 22:36 | Build | Farm |
| 22:43 | Build | Farm |
| 23:00 | Create | Villager (Male) |
| 23:00 | Create | Villager (Male) |
| 23:00 | Create | Villager (Male) |
| 23:01 | Create | Villager (Male) |
| 23:01 | Create | Villager (Male) |
| 23:01 | Create | Villager (Male) |
| 23:02 | Create | Villager (Male) |
| 23:02 | Create | Villager (Male) |
| 23:02 | Create | Villager (Male) |
| 23:02 | Create | Villager (Male) |
| 23:20 | Research | Gold Shaft Mining |
| 23:43 | Build | Farm |
| 23:56 | Create | Villager (Male) |
| 23:56 | Create | Villager (Male) |
| 23:57 | Create | Villager (Male) |
| 24:00 | Research | Hand Cart |
| 24:01 | Research | Loom |
| 24:35 | Research | Fervor |
| 24:43 | Create | Villager (Male) ×5 |
| 24:44 | Create | Villager (Male) ×5 |
| 24:57 | Build | House |
| 24:58 | Build | House |
| 25:00 | Research | Forging |
| 25:01 | Research | Scale Barding Armor |
| 25:18 | Build | Barracks |
| 25:21 | Build | University |
| 25:36 | Build | University |
| 25:44 | Build | Barracks |
| 26:01 | Research | Stone Mining |
| 26:11 | Create | Villager (Male) |
| 26:11 | Create | Villager (Male) |
| 26:14 | Create | Villager (Male) |
| 26:15 | Create | Villager (Male) |
| 26:17 | Create | Villager (Male) ×5 |
| 26:18 | Create | Villager (Male) ×5 |
| 26:19 | Create | Villager (Male) ×5 |
| 26:24 | Build | House |
| 26:36 | Build | University |
| 26:43 | Build | House |
| 26:45 | Build | House |
| 26:46 | Build | House |
Build order — outrageousoctopus60337
First 150 of 814 actions detected
| 0:02 | Build | House |
| 0:04 | Build | House |
| 0:08 | Create | Villager (Male) |
| 0:08 | Create | Villager (Male) |
| 0:08 | Create | Villager (Male) |
| 0:08 | Create | Villager (Male) |
| 1:33 | Create | Villager (Male) |
| 1:33 | Create | Villager (Male) |
| 2:14 | Create | Villager (Male) |
| 2:40 | Create | Villager (Male) |
| 2:40 | Create | Villager (Male) |
| 2:54 | Build | Lumber Camp |
| 3:15 | Create | Villager (Male) |
| 3:40 | Build | House |
| 3:48 | Create | Villager (Male) |
| 4:21 | Create | Villager (Male) |
| 4:21 | Create | Villager (Male) |
| 4:21 | Create | Villager (Male) |
| 4:22 | Create | Villager (Male) |
| 5:05 | Create | Villager (Male) |
| 5:05 | Create | Villager (Male) |
| 5:46 | Create | Villager (Male) |
| 5:46 | Create | Villager (Male) |
| 5:52 | Build | Mill |
| 7:18 | Research | Feudal Age |
| 7:18 | Research | Feudal Age |
| 7:56 | Build | Barracks |
| 8:23 | Create | Villager (Male) |
| 8:23 | Create | Villager (Male) |
| 8:56 | Build | House |
| 8:57 | Build | House |
| 9:04 | Build | House |
| 9:28 | Age | Feudal Age |
| 9:35 | Research | Double-Bit Axe |
| 9:40 | Create | Villager (Male) |
| 9:45 | Create | Villager (Male) |
| 9:55 | Build | Blacksmith |
| 10:46 | Build | Market |
| 10:52 | Create | Villager (Male) |
| 11:13 | Create | Villager (Male) |
| 11:20 | Build | House |
| 11:28 | Build | Farm |
| 11:34 | Build | Farm |
| 11:47 | Create | Villager (Male) |
| 12:01 | Build | Farm |
| 12:09 | Build | Farm |
| 12:15 | Build | Farm |
| 12:20 | Create | Villager (Male) |
| 12:21 | Create | Villager (Male) |
| 12:35 | Build | Farm |
| 12:39 | Build | Farm |
| 12:54 | Build | Farm |
| 13:08 | Create | Villager (Male) |
| 13:22 | Build | Farm |
| 13:37 | Build | Farm |
| 13:48 | Build | Farm |
| 13:50 | Build | Farm |
| 13:57 | Build | Farm |
| 14:08 | Build | Farm |
| 14:18 | Build | Farm |
| 14:21 | Create | Villager (Male) |
| 14:22 | Create | Villager (Male) |
| 14:24 | Create | Villager (Male) |
| 14:33 | Build | Farm |
| 14:50 | Build | Farm |
| 14:58 | Create | Villager (Male) |
| 15:24 | Build | Farm |
| 15:41 | Build | Farm |
| 16:05 | Build | Farm |
| 16:08 | Research | Castle Age |
| 17:36 | Build | Stable |
| 17:38 | Build | Stable |
| 17:41 | Build | Stable |
| 18:48 | Age | Castle Age |
| 18:51 | Build | Town Center |
| 19:03 | Build | Town Center |
| 19:06 | Create | Villager (Male) |
| 19:06 | Create | Villager (Male) |
| 19:06 | Create | Villager (Male) |
| 19:33 | Build | House |
| 19:33 | Build | House |
| 19:33 | Build | House |
| 19:36 | Build | House |
| 19:40 | Build | House |
| 19:42 | Build | House |
| 19:44 | Build | House |
| 19:48 | Build | House |
| 19:49 | Build | House |
| 19:55 | Build | House |
| 20:06 | Create | Villager (Male) |
| 20:06 | Create | Villager (Male) |
| 20:07 | Create | Villager (Male) |
| 20:07 | Create | Villager (Male) |
| 20:07 | Create | Villager (Male) |
| 20:08 | Create | Villager (Male) |
| 20:08 | Create | Villager (Male) |
| 20:14 | Create | Villager (Male) |
| 20:15 | Create | Villager (Male) |
| 20:21 | Create | Villager (Male) |
| 20:21 | Create | Villager (Male) |
| 20:22 | Create | Villager (Male) |
| 20:25 | Build | Farm |
| 20:28 | Create | Villager (Male) |
| 20:43 | Create | Villager (Male) |
| 20:46 | Create | Villager (Male) |
| 20:48 | Research | Bow Saw |
| 21:45 | Create | Villager (Male) |
| 21:47 | Create | Villager (Male) |
| 21:47 | Create | Villager (Male) |
| 21:49 | Create | Villager (Male) |
| 21:49 | Create | Villager (Male) |
| 22:00 | Research | Husbandry |
| 22:04 | Research | Scale Barding Armor |
| 22:07 | Research | Forging |
| 22:30 | Build | Farm |
| 22:31 | Build | Farm |
| 22:38 | Build | Farm |
| 22:57 | Create | Villager (Male) |
| 22:57 | Create | Villager (Male) |
| 22:58 | Create | Villager (Male) |
| 22:58 | Create | Villager (Male) |
| 22:59 | Create | Villager (Male) |
| 22:59 | Create | Villager (Male) |
| 23:01 | Create | Villager (Male) |
| 23:01 | Create | Villager (Male) |
| 23:02 | Create | Villager (Male) |
| 23:37 | Create | Trade Cart |
| 23:44 | Create | Villager (Male) |
| 23:45 | Create | Villager (Male) |
| 24:19 | Build | Castle |
| 24:27 | Build | House |
| 24:27 | Build | House |
| 24:27 | Build | House |
| 24:28 | Build | House |
| 24:28 | Build | House |
| 24:29 | Build | House |
| 24:29 | Build | House |
| 24:30 | Build | House |
| 24:30 | Build | House |
| 24:31 | Build | House |
| 24:31 | Build | House |
| 24:43 | Build | House |
| 24:50 | Build | House |
| 24:51 | Build | House |
| 24:52 | Build | House |
| 24:54 | Build | House |
| 24:55 | Build | House |
| 24:56 | Build | House |
| 24:57 | Build | House |
| 24:58 | Build | House |
Build order — audi8698
First 150 of 398 actions detected
| 0:11 | Build | House |
| 0:15 | Build | House |
| 0:16 | Build | House |
| 0:17 | Build | House |
| 0:34 | Create | Villager (Male) |
| 0:34 | Create | Villager (Male) |
| 0:34 | Create | Villager (Male) |
| 0:35 | Create | Villager (Male) |
| 0:35 | Create | Villager (Male) |
| 0:35 | Create | Villager (Male) |
| 0:36 | Research | Loom |
| 1:43 | Create | Villager (Male) |
| 1:44 | Create | Villager (Male) |
| 3:41 | Create | Villager (Male) |
| 3:41 | Create | Villager (Male) |
| 3:41 | Create | Villager (Male) |
| 3:42 | Create | Villager (Male) |
| 4:34 | Create | Villager (Male) |
| 4:35 | Create | Villager (Male) |
| 4:35 | Create | Villager (Male) |
| 4:35 | Create | Villager (Male) |
| 5:05 | Create | Villager (Male) |
| 5:05 | Create | Villager (Male) |
| 5:14 | Create | Villager (Male) |
| 5:14 | Create | Villager (Male) |
| 6:02 | Create | Villager (Male) |
| 6:02 | Create | Villager (Male) |
| 6:02 | Create | Villager (Male) |
| 6:56 | Create | Villager (Male) |
| 6:56 | Create | Villager (Male) |
| 6:57 | Create | Villager (Male) |
| 6:57 | Create | Villager (Male) |
| 7:28 | Build | Mill |
| 7:41 | Build | Lumber Camp |
| 8:17 | Build | Mill |
| 8:57 | Create | Villager (Male) |
| 8:58 | Create | Villager (Male) |
| 10:10 | Research | Feudal Age |
| 10:40 | Build | House |
| 10:42 | Build | House |
| 10:44 | Build | House |
| 10:46 | Build | House |
| 11:01 | Build | Farm |
| 11:02 | Build | Farm |
| 11:04 | Build | Farm |
| 11:58 | Create | Villager (Male) |
| 11:59 | Create | Villager (Male) |
| 11:59 | Create | Villager (Male) |
| 12:00 | Create | Villager (Male) |
| 12:20 | Age | Feudal Age |
| 12:49 | Research | Double-Bit Axe |
| 13:09 | Build | Blacksmith |
| 13:29 | Create | Villager (Male) |
| 13:30 | Create | Villager (Male) |
| 13:30 | Create | Villager (Male) |
| 13:30 | Create | Villager (Male) |
| 13:44 | Build | Mining Camp |
| 14:16 | Build | Barracks |
| 14:29 | Create | Villager (Male) |
| 14:29 | Create | Villager (Male) |
| 14:48 | Build | Farm |
| 14:50 | Build | Farm |
| 14:52 | Build | Farm |
| 14:54 | Build | Farm |
| 14:58 | Build | Farm |
| 15:03 | Build | Farm |
| 15:06 | Build | Farm |
| 15:08 | Build | Farm |
| 15:24 | Build | Farm |
| 15:39 | Build | Mining Camp |
| 16:14 | Create | Villager (Male) |
| 16:53 | Build | Stable |
| 17:38 | Research | Castle Age |
| 17:38 | Research | Castle Age |
| 17:48 | Build | Farm |
| 17:51 | Build | Farm |
| 18:05 | Research | Stone Mining |
| 18:08 | Research | Gold Mining |
| 18:13 | Research | Wheelbarrow |
| 19:41 | Create | Villager (Male) |
| 19:44 | Create | Villager (Male) |
| 20:18 | Age | Castle Age |
| 20:23 | Research | Bow Saw |
| 20:35 | Build | Town Center |
| 20:48 | Create | Villager (Male) |
| 20:49 | Create | Villager (Male) |
| 20:49 | Create | Villager (Male) |
| 20:49 | Create | Villager (Male) |
| 20:49 | Create | Villager (Male) |
| 20:50 | Create | Villager (Male) |
| 20:50 | Create | Villager (Male) |
| 21:28 | Create | Villager (Male) |
| 21:28 | Create | Villager (Male) |
| 21:29 | Create | Villager (Male) |
| 21:29 | Create | Villager (Male) |
| 21:29 | Create | Villager (Male) |
| 21:30 | Create | Villager (Male) |
| 21:30 | Create | Villager (Male) |
| 21:30 | Create | Villager (Male) |
| 21:30 | Create | Villager (Male) |
| 22:38 | Research | Husbandry |
| 22:41 | Create | Knight |
| 22:41 | Create | Knight |
| 22:41 | Create | Knight |
| 22:41 | Create | Knight |
| 22:50 | Create | Knight |
| 22:50 | Create | Knight |
| 23:07 | Create | Knight |
| 23:31 | Build | Town Center |
| 24:12 | Build | Castle |
| 24:35 | Build | House |
| 24:36 | Build | House |
| 24:38 | Build | House |
| 24:40 | Build | House |
| 24:41 | Build | House |
| 25:15 | Build | Market |
| 26:43 | Build | Castle |
| 28:30 | Build | Archery Range |
| 28:31 | Build | Archery Range |
| 28:44 | Research | Imperial Age |
| 28:55 | Build | University |
| 29:05 | Build | Farm |
| 29:07 | Build | Farm |
| 29:09 | Build | Farm |
| 29:12 | Build | Farm |
| 29:13 | Build | Farm |
| 29:20 | Research | Hand Cart |
| 29:21 | Create | Villager (Male) |
| 29:21 | Create | Villager (Male) |
| 29:22 | Create | Villager (Male) |
| 29:22 | Create | Villager (Male) |
| 29:22 | Create | Villager (Male) |
| 29:36 | Research | Elite Skirmisher (upgrade) |
| 29:37 | Create | Skirmisher |
| 29:37 | Create | Skirmisher |
| 29:38 | Create | Skirmisher |
| 29:41 | Create | Skirmisher |
| 29:41 | Create | Skirmisher |
| 29:41 | Create | Skirmisher |
| 30:05 | Build | Stable |
| 30:08 | Create | Throwing Axeman |
| 30:08 | Create | Throwing Axeman |
| 30:08 | Create | Throwing Axeman |
| 30:09 | Create | Throwing Axeman |
| 30:38 | Create | Knight |
| 30:39 | Create | Knight |
| 30:39 | Create | Knight |
| 31:29 | Research | Gold Shaft Mining |
| 31:35 | Create | Villager (Male) |
| 31:36 | Create | Villager (Male) |
Build order — FIN DORA
First 150 of 360 actions detected
| 0:03 | Create | Villager (Male) |
| 0:04 | Create | Villager (Male) |
| 0:07 | Build | House |
| 0:12 | Build | House |
| 0:35 | Create | Villager (Male) |
| 0:35 | Create | Villager (Male) |
| 0:36 | Create | Villager (Male) |
| 1:31 | Create | Villager (Male) |
| 1:32 | Create | Villager (Male) |
| 1:53 | Build | Lumber Camp |
| 2:16 | Create | Villager (Male) |
| 2:16 | Create | Villager (Male) |
| 2:28 | Create | Villager (Male) |
| 3:23 | Create | Villager (Male) |
| 3:23 | Create | Villager (Male) |
| 3:24 | Create | Villager (Male) |
| 3:55 | Build | House |
| 4:01 | Create | Villager (Male) |
| 4:01 | Create | Villager (Male) |
| 4:13 | Create | Villager (Male) |
| 4:19 | Build | Mill |
| 4:25 | Build | House |
| 4:56 | Build | House |
| 4:59 | Build | House |
| 5:12 | Create | Villager (Male) |
| 5:12 | Create | Villager (Male) |
| 5:28 | Create | Villager (Male) |
| 5:28 | Create | Villager (Male) |
| 5:55 | Build | Mining Camp |
| 5:59 | Create | Villager (Male) |
| 6:16 | Create | Villager (Male) |
| 6:17 | Create | Villager (Male) |
| 6:50 | Create | Villager (Male) |
| 6:51 | Create | Villager (Male) |
| 6:56 | Create | Villager (Male) |
| 6:56 | Create | Villager (Male) |
| 7:51 | Create | Villager (Male) |
| 8:05 | Build | Mill |
| 8:10 | Create | Villager (Male) |
| 8:10 | Create | Villager (Male) |
| 8:26 | Build | Mining Camp |
| 8:34 | Create | Villager (Male) |
| 9:01 | Create | Villager (Male) |
| 10:13 | Research | Feudal Age |
| 11:01 | Create | Villager (Male) |
| 12:23 | Age | Feudal Age |
| 12:40 | Build | Market |
| 12:47 | Create | Villager (Male) |
| 12:50 | Research | Double-Bit Axe |
| 13:02 | Build | Blacksmith |
| 13:12 | Create | Villager (Male) |
| 13:25 | Build | Farm |
| 13:33 | Build | Farm |
| 13:57 | Create | Villager (Male) |
| 14:01 | Build | Farm |
| 14:21 | Build | Farm |
| 14:48 | Create | Villager (Male) |
| 14:54 | Build | Farm |
| 14:58 | Build | Farm |
| 15:05 | Build | Farm |
| 15:34 | Build | Farm |
| 15:50 | Research | Castle Age |
| 16:01 | Build | Farm |
| 16:03 | Build | Farm |
| 16:17 | Build | Farm |
| 16:34 | Research | Horse Collar |
| 16:45 | Research | Loom |
| 17:57 | Build | House |
| 18:30 | Age | Castle Age |
| 18:40 | Research | Bow Saw |
| 18:45 | Create | Villager (Male) |
| 19:14 | Build | Castle |
| 19:18 | Create | Villager (Male) |
| 19:20 | Research | Heavy Plow |
| 19:23 | Create | Villager (Male) |
| 19:24 | Create | Villager (Male) |
| 19:45 | Research | Gold Mining |
| 20:26 | Build | Siege Workshop |
| 20:47 | Create | Villager (Male) |
| 20:48 | Create | Villager (Male) |
| 20:55 | Build | Farm |
| 21:03 | Build | Farm |
| 21:15 | Create | Conquistador |
| 21:16 | Create | Conquistador |
| 21:17 | Create | Battering Ram |
| 21:18 | Create | Battering Ram |
| 21:37 | Create | Villager (Male) |
| 22:00 | Create | Villager (Male) |
| 22:15 | Create | Villager (Male) |
| 22:32 | Build | Town Center |
| 22:44 | Create | Villager (Male) |
| 24:08 | Create | Conquistador |
| 24:08 | Create | Conquistador |
| 24:50 | Create | Villager (Male) |
| 24:50 | Create | Villager (Male) |
| 24:51 | Create | Villager (Male) |
| 24:52 | Create | Villager (Male) |
| 24:53 | Create | Villager (Male) |
| 24:55 | Create | Villager (Male) |
| 24:58 | Create | Battering Ram |
| 24:59 | Create | Battering Ram |
| 26:30 | Create | Conquistador |
| 26:30 | Create | Conquistador |
| 27:37 | Create | Villager (Male) |
| 27:37 | Create | Villager (Male) |
| 27:37 | Create | Villager (Male) |
| 27:46 | Build | Barracks |
| 27:49 | Create | Villager (Male) |
| 27:49 | Create | Villager (Male) |
| 27:51 | Create | Villager (Male) |
| 28:00 | Research | Stone Mining |
| 28:04 | Create | Villager (Male) |
| 29:11 | Build | Archery Range |
| 29:12 | Build | Archery Range |
| 29:15 | Build | Archery Range |
| 29:19 | Create | Villager (Male) |
| 29:19 | Create | Villager (Male) |
| 29:20 | Create | Villager (Male) |
| 29:21 | Create | Villager (Male) |
| 29:29 | Build | Farm |
| 29:30 | Build | Farm |
| 29:31 | Build | Farm |
| 29:32 | Build | Farm |
| 29:34 | Build | Farm |
| 29:59 | Build | Farm |
| 30:01 | Build | Farm |
| 30:03 | Build | Farm |
| 30:04 | Build | Farm |
| 30:07 | Build | Farm |
| 30:09 | Build | Farm |
| 30:17 | Research | Wheelbarrow |
| 31:04 | Build | Castle |
| 31:09 | Build | Farm |
| 31:14 | Create | Villager (Male) |
| 31:28 | Research | Imperial Age |
| 31:48 | Create | Skirmisher |
| 31:48 | Create | Skirmisher |
| 31:49 | Research | Elite Skirmisher (upgrade) |
| 31:49 | Create | Skirmisher |
| 31:50 | Create | Skirmisher |
| 32:07 | Create | Villager (Male) |
| 32:08 | Create | Villager (Male) |
| 32:55 | Create | Skirmisher |
| 32:55 | Create | Skirmisher |
| 32:59 | Create | Skirmisher |
| 33:16 | Research | Wheelbarrow |
| 33:17 | Create | Villager (Male) |
| 33:17 | Create | Villager (Male) |
| 33:27 | Build | University |
| 33:38 | Create | Villager (Male) |
Build order — davven02
First 150 of 406 actions detected
| 0:04 | Create | Villager (Male) |
| 0:04 | Create | Villager (Male) |
| 0:06 | Build | House |
| 0:09 | Build | House |
| 0:27 | Create | Villager (Male) |
| 0:39 | Create | Villager (Male) |
| 1:34 | Create | Villager (Male) |
| 1:58 | Create | Villager (Male) |
| 2:09 | Create | Villager (Male) |
| 2:46 | Create | Villager (Male) |
| 3:28 | Create | Villager (Male) |
| 3:28 | Create | Villager (Male) |
| 3:29 | Create | Villager (Male) |
| 3:31 | Build | House |
| 3:33 | Build | Mill |
| 4:26 | Create | Villager (Male) |
| 4:56 | Create | Villager (Male) |
| 5:23 | Create | Villager (Male) |
| 5:58 | Create | Villager (Male) |
| 5:59 | Create | Villager (Male) |
| 6:03 | Build | Lumber Camp |
| 6:17 | Build | Lumber Camp |
| 6:27 | Create | Villager (Male) |
| 6:42 | Build | House |
| 6:48 | Build | House |
| 6:57 | Create | Villager (Male) |
| 7:17 | Create | Villager (Male) |
| 7:58 | Build | Mill |
| 8:20 | Create | Villager (Male) |
| 8:32 | Create | Villager (Male) |
| 8:51 | Build | Mining Camp |
| 8:55 | Research | Feudal Age |
| 10:02 | Create | Villager (Male) |
| 10:03 | Create | Villager (Male) |
| 11:21 | Build | Barracks |
| 11:22 | Age | Feudal Age |
| 11:28 | Build | Blacksmith |
| 11:33 | Build | House |
| 11:35 | Build | House |
| 11:42 | Research | Double-Bit Axe |
| 11:43 | Create | Villager (Male) |
| 12:03 | Build | Market |
| 12:47 | Research | Horse Collar |
| 13:00 | Create | Villager (Male) |
| 13:00 | Create | Villager (Male) |
| 13:02 | Create | Villager (Male) |
| 14:07 | Create | Villager (Male) |
| 14:19 | Build | Mining Camp |
| 14:25 | Create | Villager (Male) |
| 14:51 | Build | Farm |
| 14:52 | Build | Farm |
| 14:52 | Build | Farm |
| 14:52 | Build | Farm |
| 14:52 | Build | Farm |
| 14:54 | Build | Farm |
| 14:54 | Build | Farm |
| 14:55 | Build | Farm |
| 15:12 | Create | Villager (Male) |
| 15:13 | Create | Villager (Male) |
| 15:28 | Build | Farm |
| 15:32 | Build | Farm |
| 15:35 | Build | Farm |
| 15:38 | Create | Villager (Male) |
| 15:45 | Build | Farm |
| 15:49 | Build | Farm |
| 16:23 | Create | Villager (Male) |
| 16:42 | Create | Villager (Male) |
| 16:50 | Create | Villager (Male) |
| 16:59 | Build | House |
| 17:01 | Build | House |
| 17:03 | Build | House |
| 17:05 | Build | House |
| 17:44 | Create | Villager (Male) |
| 18:16 | Research | Castle Age |
| 18:35 | Build | Stable |
| 19:09 | Create | Villager (Male) |
| 19:09 | Create | Villager (Male) |
| 20:11 | Create | Scout Cavalry |
| 20:40 | Create | Villager (Male) |
| 20:54 | Create | Villager (Male) |
| 20:56 | Age | Castle Age |
| 21:01 | Build | Town Center |
| 21:08 | Build | Town Center |
| 21:31 | Build | Castle |
| 21:38 | Research | Stone Mining |
| 21:43 | Research | Gold Mining |
| 21:46 | Research | Bow Saw |
| 21:48 | Research | Heavy Plow |
| 22:01 | Build | Farm |
| 22:02 | Build | Farm |
| 22:03 | Build | Farm |
| 22:04 | Build | Farm |
| 22:05 | Build | Farm |
| 22:11 | Create | Villager (Male) |
| 22:11 | Create | Villager (Male) |
| 22:16 | Create | Villager (Male) |
| 22:20 | Create | Villager (Male) |
| 22:20 | Create | Villager (Male) |
| 22:23 | Create | Villager (Male) |
| 22:23 | Create | Villager (Male) |
| 22:24 | Create | Villager (Male) |
| 22:34 | Build | Farm |
| 22:35 | Build | Farm |
| 22:35 | Build | Farm |
| 22:35 | Build | Farm |
| 22:37 | Build | Farm |
| 22:45 | Create | Villager (Male) |
| 22:45 | Create | Villager (Male) |
| 22:59 | Create | Villager (Male) |
| 23:07 | Build | Siege Workshop |
| 23:14 | Create | Longbowman |
| 23:35 | Create | Villager (Male) |
| 23:35 | Create | Villager (Male) |
| 23:35 | Create | Villager (Male) |
| 23:40 | Research | Wheelbarrow |
| 23:49 | Research | Town Watch |
| 23:50 | Create | Villager (Male) |
| 24:01 | Create | Battering Ram |
| 24:09 | Build | Barracks |
| 24:10 | Build | Barracks |
| 24:14 | Build | Siege Workshop |
| 24:15 | Build | Siege Workshop |
| 24:19 | Create | Villager (Male) |
| 24:19 | Create | Villager (Male) |
| 24:21 | Create | Villager (Male) |
| 24:21 | Create | Villager (Male) |
| 24:22 | Create | Villager (Male) |
| 24:22 | Create | Villager (Male) |
| 24:42 | Build | Farm |
| 24:42 | Build | Farm |
| 24:43 | Build | Farm |
| 24:45 | Build | Farm |
| 24:46 | Build | Farm |
| 24:54 | Create | Villager (Male) |
| 24:54 | Create | Villager (Male) |
| 24:55 | Create | Villager (Male) |
| 24:56 | Create | Villager (Male) |
| 24:57 | Create | Villager (Male) |
| 25:00 | Create | Villager (Male) |
| 25:10 | Create | Longbowman |
| 25:10 | Create | Longbowman |
| 25:10 | Create | Longbowman |
| 25:10 | Create | Longbowman |
| 25:11 | Create | Longbowman |
| 25:11 | Create | Longbowman |
| 25:11 | Create | Longbowman |
| 25:12 | Create | Longbowman |
| 25:24 | Research | Pikeman (upgrade) |
| 25:25 | Research | Squires |
| 25:45 | Create | Longbowman |
Build order — bear11104
First 150 of 586 actions detected
| 0:05 | Build | House |
| 0:07 | Build | House |
| 0:08 | Create | Villager (Male) |
| 0:08 | Create | Villager (Male) |
| 0:08 | Create | Villager (Male) |
| 0:09 | Create | Villager (Male) |
| 0:09 | Create | Villager (Male) |
| 1:48 | Create | Villager (Male) |
| 1:48 | Create | Villager (Male) |
| 2:22 | Create | Villager (Male) |
| 2:22 | Create | Villager (Male) |
| 2:22 | Create | Villager (Male) |
| 3:16 | Create | Villager (Male) |
| 3:17 | Create | Villager (Male) |
| 3:17 | Create | Villager (Male) |
| 3:17 | Create | Villager (Male) |
| 3:50 | Build | House |
| 3:54 | Create | Villager (Male) |
| 4:17 | Create | Villager (Male) |
| 4:39 | Create | Villager (Male) |
| 4:47 | Create | Villager (Male) |
| 5:11 | Build | Lumber Camp |
| 5:25 | Create | Villager (Male) |
| 5:25 | Create | Villager (Male) |
| 6:06 | Create | Villager (Male) |
| 6:20 | Build | Mill |
| 6:41 | Create | Villager (Male) |
| 6:55 | Build | House |
| 7:26 | Create | Villager (Male) |
| 7:52 | Create | Villager (Male) |
| 8:30 | Create | Villager (Male) |
| 9:03 | Research | Feudal Age |
| 9:08 | Build | Mill |
| 9:58 | Build | House |
| 11:08 | Create | Villager (Male) |
| 11:13 | Age | Feudal Age |
| 11:26 | Research | Horse Collar |
| 11:30 | Build | Mining Camp |
| 11:40 | Build | Farm |
| 11:41 | Build | Farm |
| 11:42 | Build | Farm |
| 11:44 | Build | Farm |
| 11:45 | Build | Farm |
| 11:46 | Build | Farm |
| 11:49 | Build | Farm |
| 11:50 | Build | Farm |
| 11:58 | Build | Farm |
| 12:16 | Research | Wheelbarrow |
| 12:28 | Create | Villager (Male) |
| 12:28 | Create | Villager (Male) |
| 12:52 | Research | Double-Bit Axe |
| 12:57 | Create | Villager (Male) |
| 14:02 | Build | House |
| 14:03 | Build | House |
| 14:04 | Build | House |
| 14:05 | Build | House |
| 14:09 | Build | House |
| 14:10 | Build | House |
| 14:11 | Build | House |
| 14:12 | Build | House |
| 14:14 | Build | House |
| 14:19 | Create | Villager (Male) |
| 14:31 | Build | Blacksmith |
| 14:53 | Create | Villager (Male) |
| 14:54 | Create | Villager (Male) |
| 15:16 | Build | Market |
| 15:45 | Create | Villager (Male) |
| 15:49 | Build | Lumber Camp |
| 15:53 | Create | Villager (Male) |
| 15:53 | Create | Villager (Male) |
| 16:39 | Research | Castle Age |
| 17:08 | Build | Mining Camp |
| 19:36 | Research | Gold Mining |
| 19:39 | Research | Stone Mining |
| 19:56 | Age | Castle Age |
| 19:59 | Build | Town Center |
| 20:12 | Build | Town Center |
| 20:19 | Research | Bow Saw |
| 20:24 | Create | Villager (Male) |
| 20:27 | Create | Villager (Male) |
| 20:27 | Create | Villager (Male) |
| 20:28 | Create | Villager (Male) |
| 21:06 | Build | Monastery |
| 21:12 | Build | University |
| 21:16 | Build | House |
| 21:32 | Create | Villager (Male) |
| 21:32 | Create | Villager (Male) |
| 21:32 | Create | Villager (Male) |
| 21:33 | Create | Villager (Male) |
| 21:34 | Create | Villager (Male) |
| 21:34 | Create | Villager (Male) |
| 21:35 | Create | Villager (Male) |
| 21:38 | Create | Villager (Male) |
| 21:38 | Create | Villager (Male) |
| 21:38 | Create | Villager (Male) |
| 21:38 | Create | Villager (Male) |
| 21:39 | Create | Villager (Male) |
| 21:39 | Create | Villager (Male) |
| 21:39 | Create | Villager (Male) |
| 21:40 | Create | Villager (Male) |
| 21:40 | Create | Villager (Male) |
| 21:40 | Create | Villager (Male) |
| 21:44 | Build | Farm |
| 21:50 | Build | Farm |
| 21:59 | Create | Monk |
| 22:02 | Create | Villager (Male) |
| 22:07 | Research | Heavy Plow |
| 22:15 | Build | Farm |
| 22:20 | Build | Farm |
| 22:25 | Build | Farm |
| 22:28 | Build | Farm |
| 22:32 | Build | Farm |
| 22:42 | Create | Villager (Male) |
| 22:43 | Create | Villager (Male) |
| 23:00 | Create | Monk |
| 23:59 | Create | Villager (Male) |
| 23:59 | Create | Villager (Male) |
| 23:59 | Create | Villager (Male) |
| 23:59 | Create | Villager (Male) |
| 23:59 | Create | Villager (Male) |
| 23:59 | Create | Villager (Male) |
| 23:59 | Create | Villager (Male) |
| 24:05 | Create | Villager (Male) |
| 24:06 | Create | Villager (Male) |
| 24:06 | Create | Villager (Male) |
| 24:07 | Create | Villager (Male) |
| 24:08 | Create | Villager (Male) |
| 24:58 | Research | Hand Cart |
| 25:13 | Build | Farm |
| 25:14 | Build | Farm |
| 25:14 | Build | Farm |
| 25:16 | Build | Farm |
| 25:17 | Build | Farm |
| 25:25 | Create | Villager (Male) |
| 25:25 | Create | Villager (Male) |
| 25:25 | Create | Villager (Male) |
| 25:26 | Research | Loom |
| 26:04 | Build | Barracks |
| 26:08 | Research | Fortified Wall (upgrade) |
| 26:47 | Build | Castle |
| 26:52 | Create | Villager (Male) |
| 26:53 | Create | Villager (Male) |
| 26:53 | Create | Villager (Male) |
| 26:53 | Create | Villager (Male) |
| 26:55 | Create | Villager (Male) |
| 26:55 | Create | Villager (Male) |
| 26:55 | Create | Villager (Male) |
| 27:17 | Research | Man-at-Arms (upgrade) |
| 27:18 | Research | Gambesons |
| 27:18 | Research | Squires |
Match timeline
| 7:56 | outrageousoctopus60337 · first_building Barracks |
| 9:28 | outrageousoctopus60337 · age_up feudal |
| 11:13 | bear11104 · age_up feudal |
| 11:19 | Toucan · age_up feudal |
| 11:21 | davven02 · first_building Barracks |
| 11:22 | davven02 · age_up feudal |
| 11:39 | Badger · age_up feudal |
| 12:20 | audi8698 · age_up feudal |
| 12:23 | FIN DORA · age_up feudal |
| 12:43 | Badger · wall_segment Stone Wall x22 |
| 12:45 | Badger · wall_segment Stone Wall x4 |
| 12:48 | Badger · wall_segment Stone Wall x11 |
| 13:11 | Fatih · age_up feudal |
| 14:16 | audi8698 · first_building Barracks |
| 16:53 | audi8698 · first_building Stable |
| 17:04 | Fatih · age_up castle |
| 17:09 | Fatih · first_building Monastery |
| 17:36 | outrageousoctopus60337 · first_building Stable |
| 18:30 | FIN DORA · age_up castle |
| 18:35 | davven02 · first_building Stable |
| 18:48 | outrageousoctopus60337 · age_up castle |
| 19:14 | FIN DORA · first_building Castle |
| 19:56 | bear11104 · age_up castle |
| 20:10 | Badger · first_building Barracks |
| 20:18 | audi8698 · age_up castle |
| 20:23 | Toucan · age_up castle |
| 20:26 | FIN DORA · first_building Siege Workshop |
| 20:48 | Toucan · first_building Barracks |
| 20:56 | davven02 · age_up castle |
| 21:06 | bear11104 · first_building Monastery |
| 21:19 | davven02 · first_market_buy 100 stone |
| 21:31 | davven02 · first_building Castle |
| 21:49 | Badger · first_building Stable |
| 23:07 | davven02 · first_building Siege Workshop |
| 23:26 | Badger · age_up castle |
| 23:58 | Badger · first_building Castle |
| 24:11 | Toucan · first_building Castle |
| 24:12 | audi8698 · first_building Castle |
| 24:19 | outrageousoctopus60337 · first_building Castle |
| 24:55 | Badger · first_building Siege Workshop |
| 25:05 | Badger · first_building Monastery |
| 25:18 | Fatih · first_building Barracks |
| 26:04 | bear11104 · first_building Barracks |
| 26:44 | Toucan · first_market_buy 100 food |
| 26:47 | bear11104 · first_building Castle |
| 27:46 | FIN DORA · first_building Barracks |
| 28:30 | audi8698 · first_building Archery Range |
| 28:34 | Fatih · first_building Archery Range |
| 28:39 | davven02 · first_market_sell 100 wood |
| 29:11 | FIN DORA · first_building Archery Range |
| 29:23 | Toucan · first_building Stable |
| 30:12 | Fatih · first_building Castle |
| 31:26 | FIN DORA · first_market_sell 100 wood |
| 31:54 | davven02 · age_up imperial |
| 31:54 | audi8698 · age_up imperial |
| 32:00 | Fatih · age_up imperial |
| 34:14 | FIN DORA · first_market_buy 100 stone |
| 34:28 | outrageousoctopus60337 · first_building Archery Range |
| 34:38 | FIN DORA · age_up imperial |
| 34:44 | outrageousoctopus60337 · age_up imperial |
| 36:31 | bear11104 · age_up imperial |
| 36:33 | Fatih · first_building Stable |
| 39:03 | audi8698 · wall_segment Stone Wall x37 |
| 39:16 | audi8698 · wall_segment Stone Wall x1 |
| 41:32 | Toucan · first_building Siege Workshop |
| 42:24 | Badger · age_up imperial |
| 42:28 | FIN DORA · first_building Stable |
| 42:57 | Badger · first_building Archery Range |
| 43:08 | Toucan · age_up imperial |
| 45:23 | Toucan · first_building Archery Range |
| 45:52 | bear11104 · first_market_sell 100 wood |
| 46:55 | audi8698 · wall_segment Stone Wall x1 |
| 47:51 | Badger · first_market_sell 100 food |
| 49:35 | bear11104 · first_building Archery Range |
| 52:41 | bear11104 · first_building Siege Workshop |
| 54:19 | Toucan · resign |
| 58:08 | audi8698 · first_building Monastery |
[ AI ANALYSIS · 1 CREDIT ]
What really happened in this match?
Wolo.gg analyzes every decision: build order, eco, micro, common mistakes by bracket. Personalized analysis on WhatsApp or Discord in 30 seconds.
Civ guide
Hindustanis
Map guide
Arena
Perfil
Jugador #10431288